 Dungeon Sprint DCSS version 0.14-a0-102-g2341383 (console) character file.

15480 Dalvant the Destroyer (level 11, -7/60 HPs)
             Began as a Deep Elf Fire Elementalist on Oct 2, 2013.
             Was the Champion of Vehumet.
             Killed from afar by a storm dragon (33 damage)
             ... with a bolt of lightning
             ... in the Dungeon (Sprint II: "The Violet Keep of Menkaure").
             The game lasted 00:26:47 (2356 turns).

Dalvant the Destroyer (Deep Elf Fire Elementalist)  Turns: 2356, Time: 00:26:47

HP  -7/60        AC  9     Str  5      XL: 11   Next: 95%
MP  21/35        EV 12     Int 24      God: Vehumet [******]
Gold 504         SH  9     Dex 14      Spells:  5 memorised, 24 levels left

Res.Fire  : + . .   See Invis. : .   (no weapon)
Res.Cold  : x . .   Warding    : .   h - +2 elf robe {Archmagi}
Life Prot.: . . .   Conserve   : .   k - +0 buckler
Res.Poison: .       Res.Corr.  : .   (no helmet)
Res.Elec. : .       Clarity    : .   (no cloak)
Sust.Abil.: . .     Spirit.Shd : .   a - +0 pair of gauntlets
Res.Mut.  : .       Prev.Telep.: +   (no boots)
Res.Rott. : .       Flight     : .   (no amulet)
Saprovore : . . .                    (no ring)
                                     l - ring of fire

@: somewhat resistant to hostile enchantments, quite stealthy
A: AC +4, Dex -1
a: Renounce Religion


You were in the Dungeon.
You worshipped Vehumet.
Vehumet was exalted by your worship.
You were hungry.

You visited 1 branch You collected 1204 gold pieces.
You spent 720 gold pieces at shops.

Inventory:

Armour
 a - a +0 pair of gauntlets (worn)
 h - a +2 elven robe of the Archmagi (worn)
 k - a +0 buckler (worn)
Magical devices
 e - a wand of frost (7) {unknown}
Comestibles
 m - 2 meat rations
 n - an apple
 p - a pear
 z - an orange
Scrolls
 o - 3 scrolls of identify
 q - a scroll of enchant weapon II
 r - a scroll of enchant armour
 t - 3 scrolls of remove curse
Jewellery
 l - a ring of fire (left hand)
Potions
 c - 2 potions of flight
 f - a potion of speed
 g - 5 potions of magic
 j - 3 potions of curing
 A - 2 potions of resistance
Books
 b - a book of Flames

   Spells                             Type                      Level
   *Flame Tongue                      Conjuration/Fire             1
   Throw Flame                        Conjuration/Fire             2
   Conjure Flame                      Conjuration/Fire             3
   *Inner Flame                       Hexes/Fire                   3
   *Sticky Flame                      Conjuration/Fire             4
   *Fireball                          Conjuration/Fire             5


   Skills:
 - Level 6.0 Fighting
 - Level 2.4 Dodging
 - Level 5.2 Stealth
 - Level 2.4 Shields
 + Level 16.9 Spellcasting
 * Level 19.3 Conjurations
 + Level 18.5 Fire Magic


You had 24 spell levels left.
You knew the following spells:

 Your Spells              Type           Power        Failure   Level  Hunger
a - Flame Tongue          Conj/Fire      #####        0%          1    None
c - Sticky Flame          Conj/Fire      ########     0%          4    None
e - Bolt of Fire          Conj/Fire      ########..   1%          6    ####...
v - Fireball              Conj/Fire      ########..   1%          5    None
B - Inner Flame           Hex/Fire       #######.     1%          3    None


Dungeon Overview and Level Annotations

Branches:
Dungeon (1/1)

Altars:
Cheibriados
Elyvilon
Fedhas
Kikubaaqudgha
Makhleb
Nemelex Xobeh
Okawaru
Sif Muna
Trog
Vehumet
Xom
Yredelemnul
Zin
the Shining One
Beogh
Jiyva
Lugonu

Shops:
D !+[%[}=(!/+?(==[

Annotations:
D exclusion: oklob plant, Roxanne


Innate Abilities, Weirdness & Mutations

You are partially covered in rough black scales (AC +4, Dex -1).


Message History

Confirm with . or Enter, or press ? or * to list all spells.
Aiming: Fireball
Press: ? - help, Shift-Dir - straight line, f - storm dragon
Aim: a storm dragon You feel a strong surge of power!
The fireball explodes!
The fireball engulfs the storm dragon.
The storm dragon is moderately wounded.
The iron imp hits you but does no damage.
All of the chunks of flesh in your inventory have completely rotted away.
Casting: Fireball
Confirm with . or Enter, or press ? or * to list all spells.
Aiming: Bolt of Fire
Press: ? - help, Shift-Dir - straight line, p - storm dragon You feel a strong surge of power!
The bolt of fire hits the storm dragon.
The storm dragon is severely wounded.
The storm dragon breathes lightning at you.
The bolt of lightning hits you!
Ouch! That really hurt!
The bolt of lightning hits you!
Ouch! That really hurt!
You die...

****** ###########*****###*** *,,,,*
*******************
#.(..%.+..#,∩∩∩∩+.+,,***,,,,***,,,,,+,,,+,,**,,,,
#$[.E..#..#*##**#.#***,,,,,,,,*,,,,,*,,,*,**,,*,
*+####*#'##.!####'####,,,,,, ,*,,,,,*,###,**,,**,
*∩∩∩∩∩∩#.@5.##§§≈§≈§≈##⌠,,,,*+***,,,*,..#,**,,**,
*∩∩∩∩∩∩#..###≈§≈§§§≈§.##,,,,*,,*##+####.#,*, ,**,
*****####D.+§§§§§8≈§≈§≈#*++**,,,+...#0..#,,,,,***
,,,*#...####≈§§≈§§§≈§#*≈,,,***,#§§.##########***
*,,,,#.....≈##§§§≈≈≈≈##,≈,,,,,**#§§.#§§§§§≈≈≈##*,
############%≈#'§§#§'§##***, ,,*,*#§:###########*+
###########)≈≈..§§§≈≈≈.#,,+, ,,*,.#)=#..[...([##,,
##.∩.∩....#≈≈≈≈≈##+##.§#,,***#.*,.#=)#..)...?.##.G
##..∩.∩...#≈)≈≈##.#.##.####,,+.##.#}§#....((..##.K
##...∩.∩..#≈≈)≈#..#..#....#,,*.§.#####..[[....##.$
##....∩.⌠.#≈(#####.#####..## *#§.##.##....[.[.##..
##...∩.∩..#(##.###'###.##..#,,+§.#..##.[).(..(##..
##..∩.∩...#≈#...##<##..##..#,,#§.#..##(.....).##$⌠
##.∩.∩....'≈%##.'.<.'.##'..####§^##.##......?(##..
##∩.∩.....#≈#...##<##.#.#....###..)#########'####'
###########≈##.###'###§##......≈≈%≈≈≈≈≈≈%%≈≈...≈≈≈
##!(?######≈≈####$#.####≈≈.....≈#'########≈###.≈≈≈
#!.Y#aa+,##≈≈≈#..*..#≈≈≈≈≈≈≈..≈#....._._#§§≈##≈≈≈
#∩P$+a.#+**+#≈##.*.##≈≈§§§≈§≈.≈#(..._._.#§≈§≈####
#)$/#)##§**,*≈≈##+##≈≈≈§§§≈≈≈≈≈#._._._._#§≈§≈≈##,
#[.?###§≈≈****≈≈≈≈≈≈≈≈≈§§§≈§≈≈≈#_._._._.#≈§≈≈§§#,
##+###§≈≈≈≈*,*+++*+++#§§≈≈§≈§≈≈#._._._..#§§§§§≈+,
*,,,*#≈≈≈≈≈** ≈≈≈≈≈≈≈##§≈≈###≈≈#.._._...#§§≈§≈≈#,
**+***≈≈≈≈≈**≈≈≈≈≈≈≈≈≈##≈≈*,#≈≈#...⌠....#≈§§≈≈≈#,
*,,,*+≈≈,≈≈+≈≈≈≈≈,≈≈≈≈≈+≈≈#+#§≈#........#≈§≈§####


You could see a storm dragon and an iron imp.

Vanquished Creatures
  A hellephant (D)
  A kraken (D)
  Kirke (D)
  A yaktaur captain (D)
  2 plague shamblers (D)
  2 hell hogs (D)
  A centaur warrior (D)
  A skeletal warrior (D)
  A death drake (D)
  A giant orange brain (D)
  An elephant (D)
  3 griffons (D)
  A yaktaur (D)
  Sonja (D)
  3 polar bears (D)
  2 boulder beetles (D)
  A baby alligator (D)
  2 wyverns (D)
  An ugly thing (D)
  Menkaure (D)
  4 necrophages (D)
  A kobold demonologist (D)
  A yellow wasp (D)
  A rotting devil (D)
  A crocodile (D)
  4 brain worms (D)
  3 pulsating lumps (D)
  8 big fish (D)
  4 giant centipedes (D)
  2 tentacles (D)
57 creatures vanquished.

Vanquished Creatures (others)
  2 tentacles (D)
  2 tentacle segments (D)
4 creatures vanquished.

Grand Total: 61 creatures vanquished

Notes
Turn   | Place    | Note
--------------------------------------------------------------
     0 | D        | Dalvant, the Deep Elf Fire Elementalist, began the quest for the Orb.
     0 | D        | Reached XP level 1. HP: 10/10 MP: 4/4
     1 | D        | Noticed a necrophage
     1 | D        | Noticed a necrophage
     1 | D        | Noticed a necrophage
     1 | D        | Noticed a necrophage
     8 | D        | Killed a necrophage
     8 | D        | Reached skill level 4 in Stealth
     8 | D        | Reached skill level 7 in Fire Magic
     8 | D        | Reached XP level 2. HP: 15/15 MP: 3/7
     8 | D        | Reached XP level 3. HP: 20/20 MP: 3/9
     8 | D        | Reached XP level 4. HP: 24/24 MP: 4/12
    15 | D        | Killed a necrophage
    15 | D        | Reached skill level 5 in Stealth
    15 | D        | Reached skill level 5 in Conjurations
    15 | D        | Reached skill level 9 in Fire Magic
    15 | D        | Reached XP level 5. HP: 29/29 MP: 5/15
    65 | D        | Learned a level 3 spell: Inner Flame
    70 | D        | Learned a level 4 spell: Sticky Flame
   108 | D        | Noticed Menkaure
   112 | D        | Killed Menkaure
   112 | D        | Reached skill level 10 in Fire Magic
   112 | D        | Reached XP level 6. HP: 35/35 MP: 13/18
   116 | D        | Killed a necrophage
   116 | D        | Reached skill level 5 in Fighting
   116 | D        | Reached skill level 11 in Fire Magic
   120 | D        | Killed a necrophage
   229 | D        | Learned a level 5 spell: Fireball
   236 | D        | Found Naotidol's Magic Scroll Emporium.
   236 | D        | Found Fioq's Distillery.
   236 | D        | Found Cloush's Jewellery Shoppe.
   236 | D        | Found Volaozig's Antique Weapon Shoppe.
   236 | D        | Found Klorr's Magical Wand Shoppe.
   236 | D        | Found Calizegg's Antique Armour Emporium.
   236 | D        | Found Boicveulu's Gadget Shoppe.
   236 | D        | Found Kheokloz's Jewellery Emporium.
   236 | D        | Found Unuhobi's Jewellery Emporium.
   247 | D        | Noticed a brain worm
   247 | D        | Noticed a brain worm
   247 | D        | Noticed a brain worm
   247 | D        | Noticed a brain worm
   252 | D        | Killed a brain worm
   252 | D        | Reached skill level 12 in Fire Magic
   252 | D        | Reached XP level 7. HP: 40/40 MP: 16/21
   256 | D        | Killed a brain worm
   322 | D        | Killed a brain worm
   349 | D        | Killed a brain worm
   349 | D        | Reached skill level 5 in Spellcasting
   349 | D        | Reached skill level 13 in Fire Magic
   382 | D        | Noticed a baby alligator
   385 | D        | Killed a baby alligator
   418 | D        | Found a shimmering altar of Xom.
   418 | D        | Found a roughly hewn altar of Beogh.
   419 | D        | Found a glowing golden altar of the Shining One.
   419 | D        | Found a deep blue altar of Sif Muna.
   420 | D        | Found a bloodstained altar of Trog.
   421 | D        | Found a radiant altar of Vehumet.
   421 | D        | Found a basalt altar of Yredelemnul.
   421 | D        | Found a burning altar of Makhleb.
   421 | D        | Found a glowing silver altar of Zin.
   421 | D        | Found an ancient bone altar of Kikubaaqudgha.
   422 | D        | Found a sparkling altar of Nemelex Xobeh.
   423 | D        | Found a blossoming altar of Fedhas.
   425 | D        | Found a viscous altar of Jiyva.
   425 | D        | Found a snail-covered altar of Cheibriados.
   425 | D        | Found an iron altar of Okawaru.
   425 | D        | Found a corrupted altar of Lugonu.
   425 | D        | Found a white marble altar of Elyvilon.
   425 | D        | Noticed a yellow wasp
   425 | D        | Noticed a polar bear
   426 | D        | Noticed a yaktaur
   428 | D        | Noticed a big fish
   428 | D        | Noticed a big fish
   429 | D        | Noticed a big fish
   429 | D        | Noticed a big fish
   431 | D        | Noticed a big fish
   431 | D        | Became a worshipper of Vehumet
   440 | D        | Killed a polar bear
   440 | D        | Reached XP level 8. HP: 27/46 MP: 13/24
   450 | D        | Noticed a big fish
   568 | D        | Noticed a plague shambler
   584 | D        | Noticed a boulder beetle
   584 | D        | Noticed a boulder beetle
   591 | D        | Reached skill level 14 in Fire Magic
   592 | D        | Acquired Vehumet's first power
   592 | D        | Offered knowledge of Sting by Vehumet.
   691 | D        | Noticed Roxanne
   712 | D        | Found Adaixkipp's Food Shoppe.
   712 | D        | Found Qumu's Book Emporium.
   713 | D        | Found Khuix's Weapon Shoppe.
   713 | D        | Found Hofat's Antique Armour Shoppe.
   713 | D        | Found Vah Eda's Distillery.
   713 | D        | Noticed a crocodile
   713 | D        | Noticed a death yak
   714 | D        | Noticed an oklob plant
   716 | D        | Found Pnimac's Antique Armour Emporium.
   719 | D        | Noticed a dragon
   719 | D        | Found Klatum's Book Shoppe.
   720 | D        | Noticed a soldier ant
   721 | D        | Noticed a soldier ant
   723 | D        | Noticed a soldier ant
   731 | D        | Bought a cursed ring of hunger for 26 gold pieces
   731 | D        | Bought an uncursed amulet of inaccuracy for 26 gold pieces
   739 | D        | Bought an embroidered elven robe for 18 gold pieces
   742 | D        | Bought a potion of curing for 22 gold pieces
   742 | D        | Bought a potion of curing for 22 gold pieces
   746 | D        | Bought a scroll of curse jewellery for 24 gold pieces
   746 | D        | Bought a scroll of curse weapon for 24 gold pieces
   746 | D        | Bought a scroll of remove curse for 36 gold pieces
   746 | D        | Bought a scroll of curse armour for 24 gold pieces
   746 | D        | Bought a scroll of identify for 24 gold pieces
   764 | D        | Bought a pair of gauntlets for 37 gold pieces
   764 | D        | Bought a buckler for 77 gold pieces
   776 | D        | Bought an uncursed ring of fire for 260 gold pieces
   780 | D        | Bought 2 potions of poison for 22 gold pieces
   794 | D        | Bought a meat ration for 56 gold pieces
   794 | D        | Bought an apple for 11 gold pieces
   794 | D        | Bought a pear for 11 gold pieces
   817 | D        | Killed a crocodile
   862 | D        | Killed a boulder beetle
   862 | D        | Offered knowledge of Magic Dart by Vehumet.
   862 | D        | Reached skill level 1 in Shields
   886 | D        | Killed a boulder beetle
   886 | D        | Reached skill level 10 in Conjurations
  1058 | D        | Killed a yellow wasp
  1058 | D        | Offered knowledge of Static Discharge by Vehumet.
  1059 | D        | Noticed a polar bear
  1059 | D        | Noticed a polar bear
  1059 | D        | Killed a polar bear
  1059 | D        | Acquired Vehumet's second power
  1063 | D        | Killed a polar bear
  1063 | D        | Reached skill level 15 in Fire Magic
  1063 | D        | Reached XP level 9. HP: 50/50 MP: 12/28
  1064 | D        | Killed a yaktaur
  1072 | D        | Killed a plague shambler
  1072 | D        | Reached skill level 10 in Spellcasting
  1182 | D        | Killed a big fish
  1182 | D        | Acquired Vehumet's third power
  1238 | D        | Killed a big fish
  1238 | D        | Offered knowledge of Olgreb's Toxic Radiance by Vehumet.
  1249 | D        | Killed a big fish
  1254 | D        | Noticed a kraken
  1255 | D        | Killed a big fish
  1277 | D        | Killed a big fish
  1285 | D        | Killed a kraken
  1285 | D        | Reached skill level 16 in Fire Magic
  1285 | D        | Reached XP level 10. HP: 52/56 MP: 12/32
  1286 | D        | Killed a big fish
  1526 | D        | Gained mutation: You are partially covered in rough black scales (AC +4, Dex -1). [potion of beneficial mutation]
  1542 | D        | Noticed a hellephant
  1542 | D        | Noticed a red draconian shifter
  1543 | D        | Noticed Sonja
  1544 | D        | Noticed a giant orange brain
  1547 | D        | Killed Sonja
  1547 | D        | Offered knowledge of Ignite Poison by Vehumet.
  1555 | D        | Killed a giant orange brain
  1557 | D        | Killed a hellephant
  1684 | D        | Noticed a big fish
  1692 | D        | Killed a big fish
  1692 | D        | Reached skill level 17 in Fire Magic
  1700 | D        | Noticed a shark
  1701 | D        | Noticed a big fish
  1701 | D        | Noticed a shark
  1701 | D        | Noticed a shark
  1701 | D        | Noticed a shark
  1701 | D        | Noticed a shark
  1701 | D        | Noticed a shark
  1701 | D        | Killed a big fish
  1701 | D        | Offered knowledge of Bolt of Fire by Vehumet.
  1709 | D        | Learned a level 6 spell: Bolt of Fire
  1716 | D        | Noticed a lava snake
  1717 | D        | Noticed a lava snake
  1755 | D        | Noticed a death drake
  1756 | D        | Noticed a plague shambler
  1760 | D        | Killed a death drake
  1760 | D        | Reached XP level 11. HP: 60/60 MP: 16/34
  1772 | D        | Killed a plague shambler
  1864 | D        | Noticed Kirke
  1864 | D        | Noticed a kobold demonologist
  1864 | D        | Noticed a skeletal warrior
  1865 | D        | Noticed a centaur warrior
  1872 | D        | Killed a centaur warrior
  1873 | D        | Killed Kirke
  1873 | D        | Reached skill level 15 in Spellcasting
  1875 | D        | Killed a skeletal warrior
  1877 | D        | Killed a kobold demonologist
  1877 | D        | Reached skill level 18 in Conjurations
  1882 | D        | Noticed a wyvern
  1882 | D        | Noticed an elephant
  1882 | D        | Noticed a yaktaur captain
  1883 | D        | Killed an elephant
  1883 | D        | Killed a yaktaur captain
  1883 | D        | Killed a wyvern
  1883 | D        | Offered knowledge of Fulminant Prism by Vehumet.
  1932 | D        | Noticed a wyvern
  1953 | D        | Killed a wyvern
  2042 | D        | Noticed a hell hog
  2042 | D        | Noticed a hell hog
  2046 | D        | Killed a hell hog
  2048 | D        | Killed a hell hog
  2314 | D        | Noticed an iron elemental
  2314 | D        | Noticed a griffon
  2314 | D        | Noticed a griffon
  2314 | D        | Noticed a pulsating lump
  2314 | D        | Noticed a griffon
  2314 | D        | Noticed a pulsating lump
  2314 | D        | Noticed a pulsating lump
  2316 | D        | Killed a pulsating lump
  2316 | D        | Killed a pulsating lump
  2316 | D        | Killed a griffon
  2316 | D        | Reached skill level 19 in Conjurations
  2317 | D        | Killed a pulsating lump
  2317 | D        | Killed a griffon
  2318 | D        | Killed a griffon
  2350 | D        | Noticed an iron imp
  2350 | D        | Noticed a rotting devil
  2352 | D        | Killed a rotting devil
  2355 | D        | Noticed a storm dragon
  2356 | D        | Killed from afar by a storm dragon

Action                   |  1- 3 |  4- 6 |  7- 9 | 10-12 || total
-------------------------+-------+-------+-------+-------++-------
Melee: Unarmed           |     2 |     7 |       |     1 ||    10
 Cast: Flame Tongue      |     2 |    10 |    32 |     6 ||    50
       Sticky Flame      |       |     2 |    14 |     6 ||    22
       Fireball          |       |       |    11 |    26 ||    37
       Bolt of Fire      |       |       |       |     4 ||     4
  Use: Potion            |     1 |     1 |       |     4 ||     6
       Scroll            |       |       |     1 |     7 ||     8
